 Dungeon Crawl Stone Soup version 0.15.1-1-gfacfea3 (webtiles) character file.

77 Johnny the Charmwright (level 3, 0/30 HPs)
             Began as a Demigod Skald on Sept 27, 2014.
             Slain by Ijyb
             ... wielding a +0 dagger of electrocution
              (15 damage)
             ... on Level 2 of the Dungeon.
             The game lasted 00:03:06 (1592 turns).

Johnny the Charmwright (Demigod Skald)              Turns: 1592, Time: 00:03:06

HP   0/30        AC  5     Str 15      XL: 3   Next: 91%
MP   1/8         EV 11     Int 17      God:
Gold 50          SH  0     Dex 16      Spells:  1 memorised,  5 levels left

rFire  . . .     SeeInvis .     a - +0 falchion
rCold  . . .     Clarity  .     b - +0 leather armour
rNeg   . . .     rCorr    .     (no shield)
rPois  .         rRot     .     o - +1 hat
rElec  .         Spirit   .     (no cloak)
SustAb .         Warding  .     u - +0 pair of gloves
rMut   .         Stasis   .     (no boots)
Gourm  .                        (no amulet)
MR     .....                    (no ring)
                                (no ring)

@: infused (expiring), not resistant to hostile enchantments, very unstealthy
A: no striking features
a: no special abilities


You were on level 2 of the Dungeon.
You were not hungry.

You visited 1 branch of the dungeon, and saw 2 of its levels.

You collected 50 gold pieces.

Inventory:

Hand weapons
 a - a +0 falchion (weapon)
 h - a +0 mace of draining
Armour
 b - a +0 leather armour (worn)
 o - a +1 hat (worn)
 u - a +0 pair of gloves (worn)
Comestibles
 d - a bread ration
 m - a royal jelly
 q - a beef jerky
 s - a meat ration
Scrolls
 e - 3 scrolls of identify {unknown}
 k - a scroll of random uselessness {unknown}
 n - a scroll of remove curse {unknown}
 r - a scroll of noise {unknown}
Jewellery
 i - a +3 ring of strength {unknown}
 l - a cursed -2 ring of dexterity {unknown}
 p - an uncursed ring of protection from fire {unknown}
Potions
 f - 2 potions of curing
 g - a potion of restore abilities {unknown}
 j - 2 potions of porridge
 t - a potion of lignification {unknown}
Books
 c - a book of Battle

   Spells                             Type                      Level
   *Infusion                          Charms                       1
   Shroud of Golubria                 Charms/Translocation         2
   Song of Slaying                    Charms                       2
   Spectral Weapon                    Hexes/Charms                 3
   Regeneration                       Charms/Necromancy            3


   Skills:
 * Level 2.5 Fighting
 + Level 2.2 Long Blades
 + Level 1.3 Armour
 + Level 1.3 Dodging
 * Level 2.3 Spellcasting
 * Level 3.0 Charms


You had 5 spell levels left.
You knew the following spells:

 Your Spells              Type           Power        Failure   Level  Hunger
a - Infusion              Chrm           ##....       6%          1    #......


Dungeon Overview and Level Annotations

Branches:
Dungeon (2/15)

Annotations:
D:2 Ijyb


Message History

You kill the goblin!
You slash Ijyb!
Ijyb is moderately wounded.
Ijyb hits you with a glowing dagger.
You are electrocuted!
A goblin comes into view.
You hit Ijyb.
Ijyb is heavily wounded.
Ijyb closely misses you.
Ijyb hits you with a dagger of electrocution.
* * * LOW HITPOINT WARNING * * *
You are too injured to fight recklessly!
You are too injured to fight recklessly!
Drink which item? (? for menu, Esc to quit)
You feel better.
It was a potion of curing.
Ijyb hits you but does no damage.
You closely miss Ijyb.
Ijyb is heavily wounded.
Your magical infusion is running out.
Ijyb hits you but does no damage.
You are electrocuted!
Ouch! That really hurt!
You die...

#..#......#
#.#...##### #.##.##
#.##.# #.##.#####
#.##%%...#######
#######
#.#####.#........
.8.8.8..##.# #..#
### .......gg@.#
#..#
........########..#
.......# #......#
....g.. #.###.##
...|... #.# #.#
.8.8.. #.# #.# ###.#
#.# #.#
.######.#####.###.#
#..................#


You could see Ijyb and 2 goblins.

Vanquished Creatures
  A hound (D:2)
  An adder (D:2)
  An ooze (D:2)
  10 bats
  A giant cockroach (D:2)
  8 goblins
  6 hobgoblins
  A giant gecko (D:2)
  A giant newt (D:2)
  2 kobolds
  2 rats (D:1)
34 creatures vanquished.

Notes
Turn   | Place    | Note
--------------------------------------------------------------
     0 | D:1      | Johnny, the Demigod Skald, began the quest for the Orb.
     0 | D:1      | Reached XP level 1. HP: 17/17 MP: 3/3
   338 | D:1      | Reached skill level 1 in Dodging
   653 | D:1      | Reached XP level 2. HP: 24/24 MP: 2/5
   785 | D:1      | Reached skill level 1 in Armour
  1262 | D:2      | Found a burning altar of Makhleb.
  1269 | D:2      | Reached XP level 3. HP: 20/30 MP: 3/8
  1578 | D:2      | Noticed Ijyb
  1581 | D:2      | Reached skill level 3 in Charms
  1592 | D:2      | Slain by Ijyb

Action                   || total
-------------------------++-------
Melee: Falchion          ||   105
 Cast: Infusion          ||    10
  Use: Potion            ||     1
  Eat: Chunk             ||     2
